 Dungeon Crawl Stone Soup version 0.29.1-debian-1-gc3f1650bb9 (webtiles) character file.

Game seed: 1191719963888970847

43376 LnG the Severer (level 14, -5/126 HPs)
             Began as a Hill Orc Fighter on Sept 12, 2022.
             Was a Believer of Uskayaw.
             Slain by an ettin
             ... wielding a +0 dire flail
              (30 damage)
             ... on level 14 of the Dungeon.
             The game lasted 01:15:54 (28452 turns).

LnG the Severer (Hill Orc Fighter)                 Turns: 28452, Time: 01:15:56

Health: -5/126     AC: 17    Str: 28    XL:     14   Next: 24%
Magic:  14/14      EV:  6    Int:  8    God:    Uskayaw [**....]
Gold:   967        SH: 20    Dex: 12    Spells: 13/13 levels left

rFire   + + .      SeeInvis .   a - +4 war axe
rCold   + . .      Faith    .   A - +3 tower shield
rNeg    . . .      Spirit   .   y - +0 plate armour "Peczutae" {rCorr Dex+2 Slay+2}
rPois   .          Reflect  .   (no helmet)
rElec   .          Harm     .   B - scarf {rC+ rF+}
rCorr   +          Rampage  .   D - +0 pair of gloves of Wu Jian, Cursing {Str+4}
Will    ++...                   (no boots)
Stlth   ..........              (no amulet)
HPRegen 0.31/turn               C - ring of willpower
MPRegen 0.14/turn               V - ring of protection from fire

@: no status effects
A: no striking features
a: Renounce Religion, Stomp, Line Pass


You were on level 14 of the Dungeon.
You worshipped Uskayaw.
Uskayaw was noncommittal.
You visited 2 branches of the dungeon, and saw 16 of its levels.

You collected 1573 gold pieces.
You spent 606 gold pieces at shops.

Inventory:

Hand Weapons
 a - a +4 war axe (weapon)
 i - a +1 vorpal war axe
Missiles
 f - 5 boomerangs (quivered)
Armour
 y - the +0 plate armour "Peczutae" (worn) {rCorr Dex+2 Slay+2}
   (You found it on level 3 of the Dungeon)

   Dex:       It affects your dexterity (+2).
   Slay:      It affects your accuracy & damage with ranged weapons and melee
   (+2).
   rCorr:     It protects you from acid and corrosion.
 A - a +3 tower shield (worn)
 B - a scarf of resistance (worn)
 D - the +0 pair of gloves of Wu Jian, Cursing (worn) {Str+4}
   (You acquired it on level 12 of the Dungeon)

   Str:       It affects your strength (+4).
Jewellery
 d - a ring of poison resistance
 l - a ring of positive energy
 p - a ring of see invisible
 C - a ring of willpower (left hand)
 M - a +4 ring of protection
 N - a +6 ring of dexterity
 Q - an amulet of magic regeneration
 S - a +4 ring of evasion
 U - a ring of protection from cold
 V - a ring of protection from fire (right hand)
Wands
 c - a wand of light (3)
 n - a wand of flame (1)
 E - a wand of iceblast (14)
 P - a wand of paralysis (8)
Scrolls
 m - 4 scrolls of magic mapping
 o - 6 scrolls of amnesia
 r - 2 scrolls of noise
 s - 3 scrolls of teleportation
 u - 2 scrolls of poison
 v - a scroll of silence
 w - 3 scrolls of vulnerability
 z - 2 scrolls of immolation
 H - 2 scrolls of butterflies
 K - 4 scrolls of torment
Potions
 e - 2 potions of mutation
 g - a potion of berserk rage
 h - 3 potions of heal wounds
 k - 2 potions of haste
 q - 2 potions of resistance
 t - 6 potions of curing
 x - 2 potions of might
 F - 3 potions of flight
 G - a potion of attraction {unknown}
 I - 5 potions of magic
 J - 2 potions of cancellation
 L - 2 potions of lignification {unknown}
 T - a potion of brilliance
Miscellaneous
 b - a piece from Xom's chessboard (15/15)


   Skills:
 + Level 12.0 Fighting
 + Level 16.8 Axes
 + Level 2.6 Throwing
 + Level 13.0 Armour
 + Level 1.8 Dodging
 + Level 6.8 Stealth
 + Level 13.1 Shields
 + Level 0.7 Evocations


You had 13 spell levels left.
You didn't know any spells.
Your spell library contained the following spells:

 Spells                   Type           Power      Damage    Failure   Level
 Apportation              Tloc           0%         N/A       100%        1
 Beastly Appendage        Tmut           0%         N/A       100%        1
 Necrotise                Necr           0%         1d4       100%        1
 Sting                    Tmut/Pois      0%         1d3       100%        1
 Summon Small Mammal      Summ           0%         N/A       100%        1
 Poisonous Vapours        Pois/Air       0%         N/A       100%        2
 Wereblood                Tmut           0%         N/A       100%        2
 Dazzling Flash           Conj/Hex       0%         N/A       100%        3
 Spider Form              Tmut/Pois      0%         N/A       100%        3
 Olgreb's Toxic Radiance  Pois           0%         N/A       100%        4
 Agony                    Necr           0%         N/A       100%        5
 Silence                  Hex/Air        0%         N/A       100%        5


Dungeon Overview and Level Annotations

Branches:
Dungeon (15/15)            Temple (1/1) D:5            Lair (0/5) D:8
    Orc (0/2) D:12         Vaults (0/5) D:13
 Depths: D:15

Altars:
Ashenzari
Cheibriados
Dithmenos
Elyvilon
Fedhas
Gozag
Hepliaklqana
Kikubaaqudgha
Makhleb
Nemelex Xobeh
Okawaru
Qazlal
Ru
Sif Muna
Trog
Uskayaw
Vehumet
Wu Jian
Xom
Yredelemnul
Zin
The Shining One

Shops:
D:1 (   D:13 =!

Portals:
Abyss: D:4

Annotations:
D:4 2 transporters, Newt's ghost, amateur DsGl
D:5 1 runed translucent door, Crazy Yiuf
D:11 exclusions: ice statue and obsidian statue


Message History

There is a stone staircase leading down, spattered with blood here.
You slice the ettin!!
The ettin is moderately wounded.
You hit the deep troll. The deep troll bites you.
You block the deep troll's attack. x2; You block the ettin's attack.
The ettin hits you with a +0 dire flail!
You slash the ettin!
The ettin is heavily wounded.
You hit the deep troll but do no damage.
You block the deep troll's attack. x2
The deep troll claws you but does no damage.
The ettin barely misses you. x2
You hit the ettin.
The ettin is heavily wounded.
You hit the deep troll. You block the deep troll's attack.
The deep troll claws you. You block the deep troll's attack.
You block the ettin's attack.
The ettin hits you with a +0 dire flail!
You can now pass through a line of other dancers.
You hit the ettin but do no damage.
The ettin is heavily wounded.
You completely miss the deep troll. You block the deep troll's attack.
The deep troll claws you but does no damage.
You block the deep troll's attack.
The ettin hits you with a +0 dire flail!
* * * LOW HITPOINT WARNING * * *
The ettin hits you with a +0 dire flail!
* * * LOW HITPOINT WARNING * * *
You feel much better. The deep troll barely misses you.
The deep troll claws you but does no damage.
You block the deep troll's attack. You block the ettin's attack.
The ettin hits you with a +0 dire flail.
You slash the ettin!
The ettin is heavily wounded.
You hit the deep troll. You block the deep troll's attack. x2
The deep troll claws you but does no damage.
The ettin hits you with a +0 dire flail!!!
* * * LOW HITPOINT WARNING * * *
The ettin hits you with a +0 dire flail!!
You die...

########.#####.....########...♣~~
####.....+.......#.......<...♣.
#.....#.......#.............
#.....#.......#.....).......
#.............#.....##......
######........##....##......
#........##....##..<...
#........##....##......
#....C@[........#......
#....T..........#......
#...............#......
#...............+......
#######################


You could see an ettin and a deep troll.

Vanquished Creatures
  Azrael (D:14)
  A fire dragon (D:14)
  A death knight (D:13)
  4 boulder beetles
  3 two-headed ogres
  3 centaur warriors
  2 tengu warriors
  4 death yaks
  A skeletal warrior (D:9)
  A deep elf archer (D:13)
  2 wizards
  2 phantasmal warriors
  5 manticores
  2 deep elf pyromancers
  5 cyclopes
  3 ugly things (D:13)
  3 necromancers
  Maurice (D:10)
  An unseen horror (D:12)
  2 gargoyles
  Maggie (D:8)
  A kobold demonologist (D:10)
  3 freezing wraiths
  A yaktaur (D:13)
  An efreet (D:14)
  A tengu conjurer (D:13)
  4 trolls
  10 slime creatures
  2 dream sheep (D:14)
  Sigmund (D:5)
  3 shadows
  A water elemental (D:14)
  3 vampires
  A wyvern (D:8)
  4 fire elementals (D:13)
  A wraith (D:10)
  A yak (shapeshifter) (D:14)
  21 yaks
  A steam dragon (D:7)
  2 basilisks (D:12)
  24 humans
  Eustachio (D:5)
  10 vampire mosquitoes
  Menkaure (D:6)
  A hell hound (D:13)
  Edmund (D:5)
  3 acid dragons
  5 water moccasins
  Duvessa (D:6)
  A sky beast (D:7)
  4 orc warriors
  A black bear (D:6)
  An ogre (D:6)
  11 centaurs
  6 kobold brigands
  2 bullfrogs (D:8)
  2 necrophages
  A gnoll sergeant (D:6)
  4 scorpions
  10 wights
  Dowan (D:6)
  6 killer bees
  7 howler monkeys
  3 electric eels
  2 jellies
  5 hounds
  2 gnoll boudas
  7 orc priests
  3 iguanas
  15 orc wizards
  11 adders
  12 gnolls
  A shadow imp (D:5)
  2 white imps (D:6)
  2 worms
  3 dart slugs
  44 orcs
  5 bats
  5 endoplasms
  3 giant cockroaches
  5 goblins
  12 hobgoblins
  6 jackals
  4 quokkas
  7 ball pythons
  2 frilled lizards
  34 kobolds
  4 rats
  A butterfly (D:5)
414 creatures vanquished.

Vanquished Creatures (others)
  Ijyb (D:5)
  62 plants
63 creatures vanquished.

Grand Total: 477 creatures vanquished

Notes
Turn   | Place    | Note
-------+----------+-------------------------------------------
     0 | D:1      | LnG the Hill Orc Fighter began the quest for the Orb.
     0 | D:1      | Reached XP level 1. HP: 19/19 MP: 1/1
   284 | D:1      | Reached XP level 2. HP: 27/27 MP: 2/2
   401 | D:1      | Found Korulu's Antique Weapon Shop.
   490 | D:1      | Found a faded altar of an unknown god.
   553 | D:1      | Found a faded altar of an unknown god.
  1006 | D:1      | Reached skill level 3 in Axes
  1007 | D:1      | Reached XP level 3. HP: 28/33 MP: 3/3
  1628 | D:2      | Noticed a scorpion
  1642 | D:2      | Killed a scorpion
  1643 | D:2      | Reached skill level 4 in Axes
  1643 | D:2      | Reached XP level 4. HP: 19/41 MP: 4/4
  2023 | D:2      | Reached XP level 5. HP: 38/47 MP: 5/5
  3399 | D:3      | Identified the +0 plate armour "Peczutae" {rCorr Dex+2
                  | Slay+2}
  3706 | D:4      | Reached skill level 5 in Axes
  3844 | D:4      | Found a one-way gate to the infinite horrors of the Abyss.
  3844 | D:4      | Noticed Newt's ghost (amateur DsGl)
  3893 | D:4      | Found a transporter.
  3896 | D:4      | Found a transporter.
  3986 | D:4      | Reached XP level 6. HP: 46/53 MP: 6/6
  4586 | D:5      | Entered Level 5 of the Dungeon
  4633 | D:5      | Noticed Edmund
  4639 | D:5      | Killed Edmund
  4640 | D:5      | Reached skill level 6 in Axes
  4672 | D:5      | Reached skill level 5 in Fighting
  4675 | D:5      | Reached skill level 5 in Armour
  4675 | D:5      | Reached XP level 7. HP: 53/61 MP: 7/7
  4686 | D:5      | Reached skill level 7 in Axes
  4797 | D:5      | Noticed Sigmund
  4802 | D:5      | Killed Sigmund
  4844 | D:5      | Reached skill level 5 in Shields
  5050 | D:5      | Found a glowing silver altar of Zin.
  5050 | D:5      | Found a basalt altar of Yredelemnul.
  5050 | D:5      | Found a glowing golden altar of the Shining One.
  5062 | D:5      | Reached XP level 8. HP: 41/68 MP: 8/8
  5212 | D:5      | Noticed Eustachio
  5216 | D:5      | Reached skill level 8 in Axes
  5244 | D:5      | Killed Eustachio
  5376 | D:5      | Found a staircase to the Ecumenical Temple.
  5386 | Temple   | Entered the Ecumenical Temple
  5607 | D:5      | Noticed Ijyb
  5614 | D:5      | Killed Ijyb
  5869 | D:5      | Found a runed translucent door.
  5870 | D:5      | Noticed Crazy Yiuf
  6077 | D:6      | Reached skill level 1 in Dodging
  6313 | D:6      | Noticed Duvessa
  6314 | D:6      | Noticed Dowan
  6320 | D:6      | Killed Duvessa
  6331 | D:6      | Killed Dowan
  6332 | D:6      | Reached skill level 9 in Axes
  6439 | D:6      | Found an ornate altar of the Wu Jian Council.
  6446 | D:6      | Found a radiant altar of Vehumet.
  6798 | D:6      | Reached XP level 9. HP: 75/75 MP: 9/9
  6820 | D:6      | Noticed Menkaure
  6824 | D:6      | Killed Menkaure
  7084 | D:6      | Reached skill level 1 in Stealth
  8367 | D:7      | Reached skill level 10 in Axes
  8597 | D:7      | Found a sacrificial altar of Ru.
  8597 | D:7      | Found an opulent altar of Gozag.
  8932 | D:7      | Found a shadowy altar of Dithmenos.
  9513 | D:7      | Reached skill level 11 in Axes
  9527 | D:7      | Found a burning altar of Makhleb.
  9539 | D:7      | Found a blossoming altar of Fedhas.
  9775 | D:7      | Reached XP level 10. HP: 14/84 MP: 10/10
 10820 | D:8      | Noticed a boulder beetle
 11398 | D:8      | Reached skill level 12 in Axes
 11435 | D:9      | Noticed a cyclops
 11435 | D:9      | Noticed a two-headed ogre
 11457 | D:9      | Killed a two-headed ogre
 11465 | D:9      | Killed a cyclops
 11533 | D:8      | HP: 4/88 [poisoned by a water moccasin]
 11997 | D:9      | Noticed a skeletal warrior
 12371 | D:9      | Reached XP level 11. HP: 36/94 MP: 11/11
 12670 | D:9      | Reached skill level 13 in Axes
 12948 | D:9      | Killed a skeletal warrior
 13377 | D:8      | Noticed Maggie
 13391 | D:8      | Killed Maggie
 13673 | D:10     | Entered Level 10 of the Dungeon
 14258 | D:8      | Found a hide-covered altar of Uskayaw.
 14641 | D:8      | Became a worshipper of Uskayaw the Reveller
 14653 | D:8      | Noticed a two-headed ogre
 14658 | D:8      | Reached * piety under Uskayaw
 14660 | D:8      | Reached ** piety under Uskayaw
 14661 | D:8      | Killed a two-headed ogre
 14661 | D:8      | Reached *** piety under Uskayaw
 14662 | D:8      | Reached skill level 14 in Axes
 14662 | D:8      | Reached skill level 10 in Armour
 14662 | D:8      | Reached **** piety under Uskayaw
 14734 | D:8      | Found a staircase to the Lair.
 14943 | D:8      | Killed a boulder beetle
 15153 | D:8      | Found the +0 pair of fencer's gloves {Riposte Dex+3}
 15486 | D:10     | Reached skill level 10 in Shields
 15785 | D:10     | Noticed Maurice
 16228 | D:10     | Killed Maurice
 16781 | D:11     | Noticed a cyclops
 16791 | D:11     | Killed a cyclops
 16792 | D:11     | Reached skill level 1 in Throwing
 17040 | D:11     | Noticed a cyclops
 17048 | D:11     | Killed a cyclops
 17177 | D:11     | Reached XP level 12. HP: 93/104 MP: 12/12
 17320 | D:11     | Noticed a boulder beetle
 17350 | D:11     | Killed a boulder beetle
 17716 | D:11     | Reached ***** piety under Uskayaw
 18580 | D:12     | Reached skill level 15 in Axes
 19426 | D:12     | Identified the +0 robe "Vinkuek" {Will- Str+4 Int-5 Dex+5}
 19447 | D:12     | Noticed a two-headed ogre
 19456 | D:12     | Killed a two-headed ogre
 19899 | D:12     | Reached skill level 10 in Fighting
 19954 | D:12     | Noticed a boulder beetle
 19974 | D:12     | Killed a boulder beetle
 20587 | D:12     | Found a staircase to the Orcish Mines.
 21408 | D:13     | Noticed a tengu warrior
 21626 | D:13     | Killed a tengu warrior
 21781 | D:13     | Reached XP level 13. HP: 75/114 MP: 13/13
 21783 | D:13     | Reached skill level 16 in Axes
 21785 | D:13     | Reached ****** piety under Uskayaw
 21794 | D:13     | Reached skill level 5 in Stealth
 21827 | D:13     | HP: 3/114 [barbs]
 22262 | D:13     | Found Faher's Jewellery Shoppe.
 22263 | D:13     | Found Weacs's Distillery.
 22270 | D:13     | Bought a potion of might for 44 gold pieces
 22270 | D:13     | Bought a potion of cancellation for 88 gold pieces
 22270 | D:13     | Bought a potion of curing for 33 gold pieces
 22270 | D:13     | Bought a potion of curing for 33 gold pieces
 22270 | D:13     | Bought a potion of curing for 33 gold pieces
 22716 | D:12     | Identified a scroll of acquirement
 22818 | D:12     | Acquired the +0 pair of gloves of Wu Jian, Cursing {Str+4}
 23551 | D:13     | Found a gate to the Vaults.
 23967 | D:14     | Noticed a fire dragon
 24022 | D:13     | Bought a ring of protection from fire for 375 gold pieces
 24089 | D:14     | Killed a fire dragon
 24887 | D:14     | Found a radiant altar of Vehumet.
 26298 | D:14     | Reached XP level 14. HP: 50/125 MP: 14/14
 27339 | D:14     | Noticed Azrael
 27567 | D:14     | Killed Azrael
 27731 | D:15     | Entered Level 15 of the Dungeon
 28452 | D:14     | Slain by an ettin

Illustrated notes

Levels and vault maps discovered:
D:1:      sevenhm_arrival_forest_fort_small_6, layout_loops_corners,
          hellmonk_ecumenical_altar_the_god_not_taken, serial_shops,
          nicolae_shop_overgrown_old_shop, patterned_corridor
D:2:      layout_loops_cross
D:3:      layout_basic, minmay_misc_feat_x
D:4:      layout_loops_ring, gammafunk_ghost_abyssal_escape
D:5:      layout_rooms, chequers_temple_overflow_statue_of_worship,
          minmay_temple_entry_butterflies, minmay_pentangle,
          uniq_crazy_yiuf_cottage, uniq_sigmund, uniq_eustachio, uniq_edmund,
          uniq_ijyb
D:6:      kennysheep_housing_project, layout_loops_cross, minitemple,
          uniq_menkaure, uniq_duvessa
D:7:      layout_loops_ring, mainiacjoe_overflow_brackets,
          nicolae_overflow_two_pavilions, nicolae_overflow_squiral,
          feat_on_display
D:8:      layout_loops_cross, overflow_temple_1_default, lair_entry_dummy,
          grunt_potential, uniq_maggie
D:9:      minmay_bloctagon, layout_cave_pools
D:10:     layout_cave_pools, nicolae_sextant, uniq_maurice
D:11:     layout_grid_maze, serial_rivers, chequers_serial_rivers_micro_d,
          chequers_serial_rivers_marsh, chequers_serial_rivers_micro_d,
          chequers_serial_rivers_room_b, chequers_serial_rivers_room_a,
          david_greed
D:12:     layout_basic, orc_0_dummy
D:13:     layout_basic, grunt_vaults_entry_tiered, nicolae_wooded_promenade,
          st_stairs_3
D:14:     slaughterhouse, layout_gridville, serial_glass, glass_columns_c,
          glass_columns_b, serial_bayou_ford_a, nicolae_vehumet_radiance,
          uniq_azrael
D:15:     hangedman_depths_entry_civil_slaughter, layout_gridville,
          minivault_26, serial_park_tiny_1, hellmonk_bongcloud_opening, pf_eden
Temple:   bh_familiar_temple

Skill      XL: |  1  2  3  4  5  6  7  8  9 10 11 12 13 14 |
---------------+-------------------------------------------+-----
Fighting       | 4 5 6 7 9 10 11 12 | 12.0
Axes           | 3 4 5 6 7 9 11 12 14 15 16 | 16.8
Armour         | 4 5 6 8 9 10 11 12 13 | 13.0
Shields        | 4 5 6 7 9 10 11 12 13 | 13.1
Dodging        | 1 |  1.8
Stealth        | 1 2 3 4 6 |  6.8
Throwing       | 1 2 |  2.6
Evocations     | |  0.7

Action                   |  1- 3 |  4- 6 |  7- 9 | 10-12 | 13-15 || total
-------------------------+-------+-------+-------+-------+-------++-------
Melee: War axe           |    65 |   156 |   289 |   667 |   420 ||  1597
Throw: Boomerang         |     1 |       |     9 |    18 |    26 ||    54
Evoke: Wand              |       |       |     2 |     5 |       ||     7
  Use: Scroll            |       |     7 |    10 |    15 |    10 ||    42
       Potion            |       |     1 |     1 |     4 |     5 ||    11
 Stab: Paralysed         |       |       |       |    32 |    28 ||    60
       Distracted        |       |       |       |     2 |       ||     2
       Invisible         |       |       |       |       |     5 ||     5
Armor: Scale mail        |    37 |    52 |       |       |       ||    89
       Plate armour      |       |    38 |   175 |   287 |   199 ||   699
Dodge: Dodged            |    41 |    50 |    32 |    88 |    57 ||   268
Block: Buckler           |    18 |    22 |       |       |       ||    40
       Tower shield      |       |    44 |   225 |   606 |   436 ||  1311
